Selects Airborne Battlegroup
Selects Heavy Machine Gun Paradrop
Heavy Machine Gun Paradrop
Construct Medical Station
Selects Paratrooper Squad Paradrop
Paratrooper Squad Paradrop
Mechanized Support Center
M1918 Browning Automatic Rifles
Designate Forward Repair Station
Paratrooper Squad Paradrop
Selects Anti-tank Gun Team Paradrop
Selects Paradrop Reinforcements
Selects Carpet Bombing Run
Anti-tank Gun Team Paradrop
Designate Forward Repair Station
Paratrooper Squad Paradrop